 Dungeon Crawl Stone Soup version 0.29-a0-474-gdfe5cd140f (webtiles) character file.

Game seed: 8327835685104541586

3 Linklo the Gusty (level 1, -2/16 HPs)
             Began as a Troll Air Elementalist on May 23, 2022.
             Slain by an adder (4 damage)
             ... on level 2 of the Dungeon.
             The game lasted 00:02:03 (280 turns).

Linklo the Gusty (Troll Air Elementalist)            Turns: 280, Time: 00:02:04

Health: -2/16      AC:  4    Str: 15    XL:     1   Next: 41%
Magic:  1/1        EV:  9    Int: 11    God:
Gold:   40         SH:  0    Dex: 10    Spells: 1/2 levels left

rFire   . . .      SeeInvis .   (no weapon)
rCold   . . .      Faith    .   (no shield)
rNeg    . . .      Spirit   .   a - +0 robe
rPois   .          Reflect  .   (helmet restricted)
rElec   .          Harm     .   (no cloak)
rCorr   .          Rampage  .   (gloves unavailable)
Will    .....                   (boots unavailable)
Stlth   +.........              (no amulet)
HPRegen 0.85/turn               (no ring)
MPRegen 0.07/turn               (no ring)

@: no status effects
A: large, unfitting armour, claws 3, regeneration 1, shaggy fur 1, tough skin 1
a: no special abilities


You were on level 2 of the Dungeon.
You visited 1 branch of the dungeon, and saw 2 of its levels.

You collected 40 gold pieces.

Inventory:

Armour
 a - a +0 robe (worn)
 e - a +2 cloak
Scrolls
 d - a scroll of amnesia {unknown}
Potions
 b - a potion of magic
 c - a potion of flight {unknown}


   Skills:
 + Level 1.7 Dodging
 + Level 1.0 Stealth
 + Level 1.2 Spellcasting
 + Level 0.6 Conjurations
 + Level 2.1 Air Magic


You had one spell level left.
You knew the following spells:

 Your Spells              Type           Power      Damage    Failure   Level
a - Shock                 Conj/Air       12%        1d3       19%         1

Your spell library contained the following spells:

 Spells                   Type           Power      Damage    Failure   Level
 Static Discharge         Conj/Air       3%         N/A       28%         2
 Swiftness                Air            5%         N/A       38%         3
 Airstrike                Air            2%         N/A       80%         4


Dungeon Overview and Level Annotations

Branches:
Dungeon (2/15)

Altars:
Trog


Innate Abilities, Weirdness & Mutations

You are too large for most types of armour.
You have claws for hands.
Your natural rate of healing is unusually fast.
You are covered in fur. (AC +1)
You have tough skin. (AC +1)


Message History

You open the door.
An adder comes into view.
An adder is nearby!
A quokka comes into view.
The adder hisses angrily.
There is an open door here.
You closely miss the adder. The adder bites you.
There are monsters nearby!
You miss the adder. The adder bites you but does no damage.
You barely miss the adder. The adder closely misses you.
The adder barely misses you. The quokka bites you.
You barely miss the adder. The adder misses you.
The quokka bites you but does no damage.
You scratch the adder.
The adder is lightly wounded.
The adder barely misses you. The quokka bites you.
You barely miss the adder.
The adder is lightly wounded.
The adder barely misses you. The quokka bites you.
You are too injured to fight recklessly!
You are too injured to fight recklessly!
You are too injured to fight recklessly!
You are too injured to fight recklessly!
You are too injured to fight recklessly!
You are too injured to fight recklessly!
You are too injured to fight recklessly!
You are too injured to fight recklessly!
You are too injured to fight recklessly!
You are too injured to fight recklessly!
You are too injured to fight recklessly!
You are too injured to fight recklessly!
You are too injured to fight recklessly!
You are too injured to fight recklessly!
You are too injured to fight recklessly!
You miss the adder.
The adder is lightly wounded.
The adder bites you. The quokka bites you.
* * * LOW HITPOINT WARNING * * *
The adder bites you.
You die...

#.#.## .........#
#....# ..........
##.#.##
.........##
#.#..# ..........
#..#.# .........#
##.#.# .........
#.#.#
......r.######
#...#
......S@'....#
##..##
........####.#
#...# #########
#.# ##..## #.#
#..†#
#####'########..#
#..........# #..#
#..........# #..#
#..........# #..#
#..........# #..#


You could see an adder and a quokka.

Vanquished Creatures
  A ball python (D:1)
  A bat (D:2)
  A kobold (D:1)
  2 rats
5 creatures vanquished.

Notes
Turn   | Place    | Note
-------+----------+-------------------------------------------
     0 | D:1      | Linklo the Troll Air Elementalist began the quest for the
                  | Orb.
     0 | D:1      | Reached XP level 1. HP: 16/16 MP: 1/1
   214 | D:2      | Found a bloodstained altar of Trog.
   280 | D:2      | Slain by an adder

Illustrated notes

Levels and vault maps discovered:
D:1:      dpeg_arrival_concentric_ovals, layout_basic
D:2:      layout_basic, ebering_ecumenical_altar_webs, basic_altar

Action                   || total
-------------------------++-------
Melee: Unarmed           ||    16
 Cast: Shock             ||     1
Armor: Robe              ||     8
Dodge: Dodged            ||     9

Table legend: (Time is in decaauts)
 A = Elapsed time spent in this place.
 B = Non-inter-level travel time spent in this place.
 C = Inter-level travel time spent in this place.
 D = Time resting spent in this place.
 E = Time spent auto-exploring this place.
 F = Levels seen in this place.
 G = Mean time per level.
                   A        B        C        D        E       F      G
               +--------+--------+--------+--------+--------+-----+--------+
         Total |    279 |    216 |     63 |      0 |    166 |   2 |  139.5 |
       Dungeon |    279 |    216 |     63 |      0 |    166 |   2 |  139.5 |
               +--------+--------+--------+--------+--------+-----+--------+

Top non-repeatable levels by time:
     D:2: 163 daAuts
     D:1: 116 daAuts
